Map: Pillars of Gold LE

Players

Azure

  • Race: Terran Terran
  • Spawn Location: 1:00

pezzaperry (Pezz) - Winner!

  • Race: Protoss Protoss
  • League: Grandmaster
  • Spawn Location: 7:00

Event: DreamHack SC2 Masters 2020 Winter

VOD

Have the link to the VOD?

Description

Time

  • Played on: Oct. 11, 2020, 12:29 a.m.
  • Length: 10:34

All games in this series

Show
View Real Time Build Order
Export as new Build Order

Azure Terran 

Build Orders: 1/1/1 

Get SALT Encoding   

  12  0:00  SCV  
  13  0:12  SCV  
  14  0:17  Supply Depot  
  14  0:24  SCV  
  15  0:33  Refinery  
  15  0:39  SCV  
  16  0:46  Barracks  
  16  0:51  SCV  
  17  1:03  SCV  
  18  1:15  SCV, Engineering Bay  
  19  1:33  Marine, Orbital Command  
  20  1:40  Factory  
  20  1:52  Supply Depot, Barracks Reactor  
  20  2:00  SCV  
  21  2:12  SCV  
  22  2:24  SCV  
  22  2:27  Hellion  
  22  2:28  Marine x2  
  22  2:29  Starport  
  27  2:36  SCV  
  28  2:37  Supply Depot  
  28  2:46  Marine x2  
  28  2:48  SCV  
  31  2:59  Supply Depot, Hellion  
  31  3:02  Supply Depot  
  32  3:08  Marine x2  
  32  3:09  SCV  
  33  3:14  Medivac  
  34  3:26  Marine x2  
  35  3:31  SCV, Hellion  
  38  3:43  Marine x2  
  38  3:47  SCV  
  39  3:59  SCV  
  39  4:00  Factory Tech Lab  
  39  4:01  Marine x2  
  42  4:04  Refinery  
  42  4:15  Viking  
  42  4:16  SCV  
  45  4:19  Command Center  
  45  4:21  Marine  
  45  4:22  Marine  
  47  4:29  SCV  
  48  4:33  Cyclone  
  48  4:36  Supply Depot  
  51  4:41  SCV  
  51  4:43  Marine x2  
  54  4:53  SCV  
  55  5:05  SCV  
  50  5:09  Marine, Siege Tank  
  50  5:10  Marine  
  47  5:17  SCV  
  47  5:18  Barracks  
  47  5:19  Barracks  
  48  5:27  Marine  
  49  5:29  SCV  
  49  5:30  Bunker  
  50  5:36  Orbital Command  
  45  5:50  Marine  
  45  5:51  Marine  
  45  5:54  SCV  
  45  6:06  Siege Tank, SCV  
  45  6:08  Marine x2  
  46  6:15  Marine  
  45  6:19  SCV  
  43  6:26  Marine x2  
  44  6:33  SCV  
  44  6:35  Marine  
  44  6:38  SCV  
  47  6:45  Marine x2  
  49  6:49  SCV  
  49  6:50  SCV  
  52  6:58  Barracks Tech Lab, Factory Tech Lab  
  52  7:01  SCV  
  52  7:02  Marauder, Stimpack  
  52  7:03  Marine x2  
  52  7:04  SCV  
  57  7:13  SCV  
  57  7:16  SCV  
  57  7:20  Marine x2  
  57  7:28  SCV  
  58  7:31  Starport Reactor  
  58  7:33  Marauder x2  
  58  7:35  SCV  
  63  7:38  Barracks  
  63  7:39  Marine x2  
  63  7:40  Barracks  
  63  7:43  Engineering Bay  
  65  7:44  SCV  
  66  7:51  Siege Tank  
  66  7:52  SCV  
  66  7:53  Marine  
  66  7:54  Marine  
  72  8:00  SCV  
  72  8:04  Marine x2  
  72  8:05  SCV  
  76  8:09  Refinery  
  76  8:10  Supply Depot  
  76  8:12  Marauder, SCV  
  77  8:16  Marine  
  78  8:28  Terran Infantry Weapons Level 1  
  78  8:29  Supply Depot  
  78  8:30  Supply Depot  
  78  8:31  Marine, Medivac x2  
  78  8:33  Supply Depot, Marine  
  84  8:36  Marine  
  84  8:37  Marine  
  86  8:47  Combat Shield  
  86  8:50  Marine x2  
  86  8:52  Supply Depot  
  86  8:53  Refinery  
  86  8:54  Marine x2  
  86  8:55  Marine  
  92  8:58  Supply Depot  
  92  9:00  SCV  
  92  9:02  Medivac  
  92  9:06  Medivac  
  92  9:08  SCV  
  92  9:09  Marine  
  99  9:13  Marauder  
  99  9:16  Marauder  
  102  9:18  Marine x2  
  102  9:19  Marine  
  105  9:27  Marine  
  106  9:34  Marine  
  106  9:36  Marine x2  
  106  9:37  Marine  
  108  9:40  Marine  
  108  9:45  Marine  
  110  9:52  Marine  
  108  9:53  Marine  
  108  9:54  Marine  
Show
View Real Time Build Order
Export as new Build Order

pezzaperry Protoss - Winner!

Build Orders: Blink Stalkers 

Get SALT Encoding   

  12  0:00  Probe  
  13  0:12  Probe  
  14  0:18  Pylon  
  14  0:24  Probe (Chrono Boost)  
  15  0:36  Probe (Chrono Boost)  
  15  0:37  Gateway  
  16  0:45  Probe (Chrono Boost)  
  16  0:47  Assimilator  
  17  0:51  Probe  
  18  1:03  Probe  
  19  1:15  Probe  
  20  1:24  Cybernetics Core  
  20  1:25  Zealot  
  22  1:35  Probe  
  22  1:37  Pylon  
  22  1:38  Assimilator  
  23  1:55  Probe  
  23  1:57  Stalker (Chrono Boost)  
  18  2:01  Warp Gate  
  26  2:07  Probe  
  27  2:10  Pylon  
  27  2:18  Stalker (Chrono Boost)  
  27  2:19  Probe  
  31  2:40  Nexus  
  30  2:49  Twilight Council  
  30  2:55  Probe  
  31  3:00  Stalker  
  33  3:08  Probe  
  32  3:20  Blink (Chrono Boost)  
  32  3:22  Probe  
  33  3:34  Probe  
  34  3:48  Probe (Chrono Boost)  
  35  3:55  Stalker, Probe (Chrono Boost)  
  36  3:57  Robotics Facility  
  37  4:04  Pylon, Probe (Chrono Boost)  
  37  4:05  Probe (Chrono Boost)  
  38  4:10  Probe (Chrono Boost)  
  38  4:11  Gateway, Probe  
  40  4:21  Stalker, Probe  
  40  4:23  Probe  
  44  4:30  Gateway  
  44  4:33  Probe  
  44  4:35  Probe  
  44  4:37  Assimilator  
  46  4:44  Observer  
  46  4:45  Probe  
  48  4:46  Stalker  
  48  4:47  Probe  
  48  4:51  Shield Battery  
  47  5:04  Probe  
  47  5:06  Stalker, Probe  
  47  5:13  Stalker  
  47  5:14  Warp Prism (Chrono Boost)  
  47  5:16  Probe (Chrono Boost)  
  47  5:19  Probe (Chrono Boost)  
  51  5:24  Stalker  
  54  5:28  Charge, Probe (Chrono Boost)  
  55  5:35  Probe (Chrono Boost)  
  55  5:36  Probe (Chrono Boost)  
  55  5:42  Probe  
  57  5:48  Probe  
  56  5:54  Stalker x3, Probe  
  60  6:00  Probe  
  61  6:06  Probe  
  60  6:19  Probe  
  62  6:34  Stalker  
  62  6:35  Stalker  
  62  6:39  Nexus  
  61  6:40  Pylon  
  61  6:51  Probe x2  
  61  6:53  Pylon  
  61  6:58  Forge  
  61  7:01  Gateway  
  61  7:02  Gateway, Pylon  
  61  7:04  Gateway  
  61  7:05  Sentry x2  
  65  7:24  Probe x2  
  65  7:26  Immortal (Chrono Boost)  
  65  7:29  Observer  
  71  7:36  Probe x2  
  73  7:37  Stalker x3  
  73  7:40  Protoss Ground Weapons Level 1 (Chrono Boost)  
  79  7:48  Gateway, Probe x2  
  79  7:50  Gateway  
  81  7:56  Probe  
  82  7:58  Pylon  
  82  8:00  Probe x2  
  84  8:08  Probe  
  84  8:12  Probe  
  84  8:16  Probe  
  84  8:17  Observer  
  85  8:20  Immortal (Chrono Boost), Probe, Templar Archives  
  85  8:24  Pylon, Probe  
  91  8:27  Pylon  
  91  8:29  Probe  
  91  8:32  Pylon x2  
  91  8:33  Pylon  
  92  8:43  Zealot  
  92  8:44  Zealot x4  
  102  8:53  Zealot x3  
  108  8:56  Pylon  
  108  8:59  Immortal (Chrono Boost)  
  112  9:11  Assimilator  
  112  9:14  High Templar x4  
  119  9:19  Archon  
  119  9:23  Archon  
  119  9:25  Zealot x4  
  119  9:28  Pylon  
  125  9:32  Assimilator  
  125  9:45  Zealot x4  
  133  9:51  Zealot x4  
  137  10:07  Zealot x4  
  121  10:19  Zealot x3  
Tags
 
Add a new tag
Caveats
  • Supply blocks, unpowered buildings, or Contaminate may cause inaccurate times.
  • Supply counts are checked every 10 seconds.